 Dungeon Crawl Stone Soup version 0.27.1-4-g1640c2035a (webtiles) character file.

Game seed: 9975175379127588697

1817 McKennaii the Poker (level 8, -4/61 HPs)
             Began as a Demonspawn Fighter on Nov 12, 2021.
             Slain by a vampire (9 damage)
             ... on level 5 of the Dungeon.
             The game lasted 00:06:11 (6690 turns).

McKennaii the Poker (Demonspawn Fighter)            Turns: 6690, Time: 00:06:12

Health: -4/61      AC: 13    Str: 18    XL:     8   Next: 85%
Magic:  8/8        EV:  4    Int: 10    God:
Gold:   253        SH:  0    Dex: 15    Spells: 7/7 levels left

rFire    . . .     SeeInvis .   a - +0 trident
rCold    . . .     Faith    .   c - +0 kite shield
rNeg     . . .     Spirit   .   r - +0 plate armour
rPois    .         Reflect  .   (helmet restricted)
rElec    .         Harm     .   (no cloak)
rCorr    .         Rampage  .   (no gloves)
Will     .....                  q - +0 pair of boots
Stlth    ..........             o - amulet of the acrobat
HPRegen  0.20/turn              (no ring)
MPRegen  0.11/turn              (no ring)

@: confused
A: horns 1, thin skeletal structure 1, demonic guardian 2, spiny 1
a: no special abilities


You were on level 5 of the Dungeon.
You visited 1 branch of the dungeon, and saw 5 of its levels.

You collected 253 gold pieces.

Inventory:

Hand Weapons
 a - a +0 trident (weapon)
Armour
 c - a +0 kite shield (worn)
 q - a +0 pair of boots (worn)
 r - a +0 plate armour (worn)
Jewellery
 o - an amulet of the acrobat (around neck)
Wands
 k - a wand of flame (20)
Scrolls
 f - 4 scrolls of identify {unknown}
 h - 2 scrolls of teleportation {unknown}
 p - a scroll of blinking {unknown}
 s - a scroll of acquirement {unknown}
 t - 2 scrolls of enchant weapon {unknown}
Potions
 d - 3 potions of might
 e - 2 potions of lignification {unknown}
 g - 3 potions of heal wounds
 i - 2 potions of mutation {unknown}
 j - 2 potions of ambrosia {unknown}
 l - a potion of degeneration {unknown}
 m - a potion of haste {unknown}
 n - a potion of attraction {unknown}
 u - a potion of flight {unknown}
 v - a potion of curing {unknown}


   Skills:
 + Level 4.4 Fighting
 * Level 7.8 Polearms
 + Level 5.2 Armour
 + Level 2.0 Dodging
 + Level 0.3 Stealth
 + Level 4.8 Shields


You had 7 spell levels left.
You didn't know any spells.
Your spell library contained the following spells:

 Spells                   Type           Power      Damage    Failure   Level
 Magic Dart               Conj           0%         1d3       100%        1
 Searing Ray              Conj           0%         3d3       100%        2
 Ozocubu's Armour         Ice            0%         N/A       100%        3
 Tukima's Dance           Hex            0%         N/A       100%        3
 Fulminant Prism          Conj/Hex       0%         3d6       100%        4
 Passage of Golubria      Tloc           N/A        N/A       100%        4
 Petrify                  Tmut/Erth      0%         N/A       100%        4
 Metabolic Englaciation   Hex/Ice        0%         N/A       100%        5
 Yara's Violent Unravell  Hex/Tmut       0%         3d3       100%        5
 Statue Form              Tmut/Erth      0%         N/A       100%        6
 Ozocubu's Refrigeration  Ice            0%         4d5       100%        7


Dungeon Overview and Level Annotations

Branches:
Dungeon (5/15)
 Temple: D:4-7

Altars:
Elyvilon
Hepliaklqana
Kikubaaqudgha
Sif Muna
Zin

Annotations:
D:5 1 runed translucent door, Crazy Yiuf


Innate Abilities, Weirdness & Mutations

You have a pair of small horns on your head.
You have a somewhat thin skeletal structure. (Dex +2, Stealth+)
A demonic guardian rushes to your aid.
You are partially covered in sharp spines.


Message History

Something draws strength from your injuries!
You miss something. Something hits you. Something bites you but does no damage.
You hit something but do no damage. Something hits you.
Something bites you but does no damage.
You hit something. Something hits you. Something bites you.
Something draws strength from your injuries!
Reach: a) +0 trident
Press: ? - help, Dir - move target You reach to attack!
You attack empty space.
Something hits you. Something bites you but does no damage.
Reach: a) +0 trident
Press: ? - help, Dir - move target, f - you
Okay, then.
You closely miss something.
You hear some strange, mumbled words.
You are confused.
A vampire appears from thin air!
Reactivating autopickup.
You miss the vampire.
You headbutt the vampire, but do no damage.
The vampire is moderately damaged.
The vampire hits you! The vampire bites you!
* * * LOW HITPOINT WARNING * * *
The vampire draws strength from your injuries!
The vampire gestures at you while chanting.
You are more confused.
You bump into the rock wall.
You hit the vampire but do no damage.
You headbutt the vampire, but do no damage.
The vampire hits you but does no damage.
The vampire bites you.
* * * LOW HITPOINT WARNING * * *
The vampire draws strength from your injuries!
You closely miss the vampire. The vampire is struck by your spines.
The vampire barely misses you.
The vampire bites you but does no damage.
The vampire hits you!
* * * LOW HITPOINT WARNING * * *
A demonic guardian appears!
The vampire bites you!
You die...

..# #.####.# #.##.......#
..###....#.# #.##.......#
......<#...# #.##.......#
#..)..###.## #....รท....##
#####..#..############..###....#
........................# #.##.#
###.......#############.###.##.##
##.##.### ##########.#......#.
#.##.######..@V.............#.
#.##.......4..)#####.#.#......
#.#########.##.# #.#.##...#. #.#
#.##)# #.#......#. ##.##
#.##.#####.####.#.#.
#...########.##.......# #..#.#
#.#..........########## #.###.
#.$.########## #..#.# #####
#...<.


You could see a vampire (ally target) and a friendly hellwing (summoned).

Vanquished Creatures
  A troll (D:5)
  Sigmund (D:2)
  Duvessa (D:5)
  A black bear (D:4)
  A necrophage (D:4)
  An ogre (D:5)
  A phantom (D:3)
  Dowan (D:5)
  3 scorpions
  2 water moccasin skeletons (D:5)
  4 jellies
  A hound (D:5)
  An orc priest (D:5)
  An orc wizard (D:5)
  4 iguanas
  Natasha (thrice) (D:3)
  A hound skeleton (D:4)
  Robin (D:2)
  4 gnolls (D:5)
  4 adders
  An ufetubus (D:5)
  2 worms
  8 orcs
  5 ball pythons
  7 bats
  6 endoplasms
  2 giant cockroaches (D:1)
  17 goblins
  9 hobgoblins
  8 jackals
  7 kobolds
  3 quokkas
  4 frilled lizards
  3 rats
119 creatures vanquished.

Vanquished Creatures (collateral kills)
  Edmund (D:5)
  An adder (D:4)
  A dart slug (D:2)
  A goblin (D:3)
4 creatures vanquished.

Grand Total: 123 creatures vanquished

Notes
Turn   | Place    | Note
-------+----------+-------------------------------------------
     0 | D:1      | McKennaii the Demonspawn Fighter began the quest for the
                  | Orb.
     0 | D:1      | Reached XP level 1. HP: 18/18 MP: 1/1
   146 | D:1      | Gained mutation: A weak demonic guardian rushes to your
                  | aid. [demonic ancestry]
   146 | D:1      | Reached XP level 2. HP: 24/24 MP: 2/2
   431 | D:1      | Reached skill level 2 in Polearms
  1336 | D:2      | Gained mutation: A demonic guardian rushes to your aid.
                  | [demonic ancestry]
  1336 | D:2      | Reached XP level 3. HP: 29/29 MP: 3/3
  1482 | D:2      | Found a faded altar of an unknown god.
  1597 | D:2      | Noticed Sigmund
  1617 | D:2      | Killed Sigmund
  1618 | D:2      | Reached skill level 4 in Polearms
  1618 | D:2      | Gained mutation: You have a pair of small horns on your
                  | head. [demonic ancestry]
  1618 | D:2      | Reached XP level 4. HP: 7/35 MP: 4/4
  1618 | D:2      | Gained mutation: You have a somewhat thin skeletal
                  | structure. (Dex +2, Stealth+) [demonic ancestry]
  1618 | D:2      | Reached XP level 5. HP: 9/41 MP: 5/5
  2202 | D:2      | Noticed Robin
  2214 | D:2      | Killed Robin
  2894 | D:3      | Gained mutation: You are partially covered in sharp spines.
                  | [demonic ancestry]
  2894 | D:3      | Reached XP level 6. HP: 44/47 MP: 6/6
  3098 | D:3      | Noticed Natasha
  3104 | D:3      | Killed Natasha
  3209 | D:3      | Noticed Natasha
  3217 | D:3      | Killed Natasha
  3218 | D:3      | Reached skill level 5 in Polearms
  3222 | D:3      | Noticed Natasha
  3227 | D:3      | Killed Natasha
  3526 | D:3      | Found a shimmering blue altar of Sif Muna.
  3673 | D:4      | Reached skill level 1 in Dodging
  3754 | D:4      | Reached XP level 7. HP: 52/52 MP: 7/7
  3832 | D:4      | Found an ancient bone altar of Kikubaaqudgha.
  4141 | D:4      | Reached skill level 6 in Polearms
  4317 | D:4      | Found a hazy altar of Hepliaklqana.
  4702 | D:5      | Entered Level 5 of the Dungeon
  4951 | D:5      | Reached XP level 8. HP: 55/60 MP: 8/8
  5062 | D:5      | Noticed Dowan
  5066 | D:5      | Noticed Duvessa
  5083 | D:5      | Killed Duvessa
  5084 | D:5      | Reached skill level 7 in Polearms
  5099 | D:5      | Killed Dowan
  5350 | D:5      | Noticed Edmund
  5365 | D:5      | Killed Edmund
  6008 | D:5      | Noticed a troll
  6294 | D:5      | Killed a troll
  6295 | D:5      | Reached skill level 5 in Armour
  6596 | D:5      | Found a runed translucent door.
  6597 | D:5      | Noticed Crazy Yiuf
  6690 | D:5      | Slain by a vampire

Illustrated notes

Levels and vault maps discovered:
D:1:      roderic_octagonal_star, layout_basic
D:2:      mumra_celtic_spiral_tile, layout_basic, serial_bayou,
          serial_bayou_shore_b, serial_bayou_shore_a, serial_bayou_pond_c,
          serial_bayou_pond_d, serial_bayou_pond_b, serial_bayou_pond_d,
          hellmonk_ecumenical_altar_run_dry, minmay_curled_crystal,
          st_stairs_11, minmay_crystal_room, uniq_robin, uniq_sigmund
D:3:      cheibrodos_greedy_goblins, layout_basic,
          chequers_temple_overflow_statue_of_worship, uniq_natasha
D:4:      layout_gridville, gammafunk_temple_overflow_pools,
          nicolae_overflow_crystal_walls
D:5:      kennysheep_big_flooded_room, layout_loops_ring, uniq_edmund,
          uniq_duvessa, uniq_crazy_yiuf_cottage

Skill      XL: |  1  2  3  4  5  6  7  8 |
---------------+-------------------------+-----
Polearms       | 2 4 5 6 7 |  7.8
Shields        | 3 4 |  4.8
Armour         | 3 4 5 |  5.2
Dodging        | 1 2 |  2.0
Fighting       | 4 |  4.4
Stealth        | |  0.3

Action                   |  1- 3 |  4- 6 |  7- 9 || total
-------------------------+-------+-------+-------++-------
Melee: Trident           |    76 |   168 |   191 ||   435
       Headbutt          |       |    24 |    44 ||    68
  Use: Potion            |     1 |       |       ||     1
 Stab: Sleeping          |       |     1 |       ||     1
Armor: Scale mail        |    26 |    60 |       ||    86
       Plate armour      |       |       |   105 ||   105
Dodge: Dodged            |    14 |    32 |    26 ||    72
Block: Kite shield       |    31 |    80 |    88 ||   199
